 Dungeon Crawl Stone Soup version 0.23.2-33-g5129a83184 (webtiles) character file.

Game seed: 11499462418875065318

15 psyvane the Chiller (level 2, -3/19 HPs)
             Began as a Merfolk Ice Elementalist on June 30, 2019.
             Slain by Sigmund
             ... wielding a +0 scythe
              (5 damage)
             ... on level 2 of the Dungeon.
             The game lasted 00:06:06 (686 turns).

psyvane the Chiller (Merfolk Ice Elementalist)       Turns: 686, Time: 00:06:07

Health: -3/19      AC:  2    Str:  8    XL:     2   Next: 50%
Magic:  0/5        EV: 13    Int: 14    God:
Gold:   29         SH:  0    Dex: 14    Spells: 2/5 levels left

rFire    . . .     SeeInvis .   (no weapon)
rCold    . . .     Gourm    +   (no shield)
rNeg     . . .     Faith    .   a - +0 robe
rPois    .         Spirit   .   (no helmet)
rElec    .         Reflect  .   (no cloak)
rCorr    .         Harm     .   (no gloves)
MR       .....                  (no boots)
Stlth    ++........             f - amulet of the gourmand
HPRegen  0.06/turn              (no ring)
MPRegen  0.09/turn              (no ring)

@: very slightly contaminated
A: change form in water, swift swim, stealthy swim
a: no special abilities


You were on level 2 of the Dungeon.
You were not hungry.

You visited 1 branch of the dungeon, and saw 2 of its levels.

You collected 29 gold pieces.

Inventory:

Armour
 a - a +0 robe (worn)
Jewellery
 f - an amulet of the gourmand (around neck)
Scrolls
 b - 2 scrolls of teleportation
 d - a scroll of identify
 g - a scroll of remove curse
Potions
 e - a potion of curing
Comestibles
 c - 3 rations


   Skills:
 * Level 3.0 Dodging
 * Level 2.4 Stealth
 - Level 2.0 Spellcasting
 + Level 0.7 Conjurations
 * Level 3.8 Ice Magic


You had 2 spell levels left.
You knew the following spells:

 Your Spells              Type           Power        Failure   Level  Hunger
a - Freeze                Ice            ##..         4%          1    ##.....
b - Throw Frost           Conj/Ice       #.....       14%         2    ###....

Your spell library contained the following spells:

 Spells                   Type           Power        Failure   Level  Hunger
 Ozocubu's Armour         Chrm/Ice       #.......     32%         3    ####...
 Throw Icicle             Conj/Ice       #.......     67%         4    #####..
 Summon Ice Beast         Ice/Summ       #.......     71%         4    #####..


Dungeon Overview and Level Annotations

Branches:
Dungeon (2/15)

Altars:

Annotations:
D:2 Sigmund


Message History

Sigmund says, "You will soon forget everything."
Sigmund hits you from afar with a +0 scythe!
Ouch! That really hurt!
* * * LOW HITPOINT WARNING * * *
Sigmund gestures wildly while chanting.
Sigmund flickers and vanishes!
Deactivating autopickup; reactivate with Ctrl-A.
Sorry, you're not good enough to have a special ability.
Casting: Throw Frost (safe; 14% risk of failure)
Confirm with . or Enter, or press ? or * to list all spells.
You can't see any susceptible monsters within range! (Use Z to cast anyway.)
Casting: Throw Frost (safe; 14% risk of failure)
Confirm with . or Enter, or press ? or * to list all spells.
You don't know that spell.
Casting: Throw Frost (safe; 14% risk of failure)
Confirm with . or Enter, or press ? or * to list all spells.
Aiming: Freeze (safe; 4% risk of failure)
Press: ? - help, Shift-Dir - straight line You freeze something.
Something hits you.
You die...

#..<....# ###...### #...#
##.## ##+## #####>#### ##...#
#........# ##..... #
#.###.#..# ##......
....######.##.....####.......
......)....{@...>....'.......
#...######.##.....####<......
# #.###.#..# ##......
#.###.##.# ##..... #........#
##...# #####.#### ##'## #.#
######.## #.# #........ #.#
#.##.#.##


There were no monsters in sight!

Vanquished Creatures
  2 giant cockroaches
  A hobgoblin (D:1)
  2 kobolds
  4 bats (D:1)
  3 goblins (D:1)
  3 rats (D:1)
15 creatures vanquished.

Notes
Turn   | Place    | Note
-------+----------+-------------------------------------------
     0 | D:1      | psyvane the Merfolk Ice Elementalist began the quest for
                  | the Orb.
     0 | D:1      | Reached XP level 1. HP: 13/13 MP: 3/3
   138 | D:1      | Reached XP level 2. HP: 19/19 MP: 1/5
   252 | D:1      | Learned a level 2 spell: Throw Frost
   673 | D:2      | Noticed Sigmund
   686 | D:2      | Slain by Sigmund

Skill      XL: |  1  2 |
---------------+-------+-----
Dodging        | 3 |  3.0
Stealth        | |  2.4
Spellcasting   | |  2.0
Conjurations   | |  0.7
Ice Magic      | |  3.8

Action                   || total
-------------------------++-------
Melee: Unarmed           ||    25
 Cast: Freeze            ||    16
       Throw Frost       ||     3
  Use: Scroll            ||     4
  Eat: Chunk             ||     2
Armor: Robe              ||    10
Dodge: Dodged            ||    31
